 Dungeon Crawl Stone Soup version 0.30-a0-1163-gf69bf04e7a (webtiles) character file.

Game seed: 17513439909726292964

3768 ryw the Basher (level 9, -1/71 HPs)
             Began as a Mummy Fighter on Apr 28, 2023.
             Was a Priest of Okawaru.
             Slain by Amaemon
             ... wielding a -1 demon whip of venom
              (2 damage)
             ... on level 7 of the Dungeon.
             The game lasted 00:14:26 (8714 turns).

ryw the Basher (Mummy Fighter)                      Turns: 8714, Time: 00:14:27

Health: -1/71      AC: 11    Str: 24    XL:     9   Next: 94%
Magic:  7/9        EV: 13    Int:  7    God:    Okawaru [***...]
Gold:   524        SH:  5    Dex: 11    Spells: 8/8 levels left

rFire   x . .        l - +0 morningstar
rCold   + . .        c - +0 buckler
rNeg    + + +        n - +5 robe of Suoh {rElec}
rPois   ∞            h - +0 helmet
rElec   +            r - +0 cloak
rCorr   .            m - +0 pair of gloves
SInv    .            (no boots)
Will    +....        (no amulet)
Stlth   +++          (no ring)
HPRegen 0.31/turn    (no ring)
MPRegen 0.11/turn

%: faith
@: heroic
A: cold resistance 1, negative energy resistance 3, torment resistance 2, heat
vulnerability 1, in touch with death 1, no potions, faith
a: Renounce Religion, Heroism


You were on level 7 of the Dungeon.
You worshipped Okawaru.
Okawaru was most pleased with you.
You visited 2 branches of the dungeon, and saw 9 of its levels.

You collected 524 gold pieces.

Inventory:

Hand Weapons
 i - a +2 whip of freezing
 l - a +0 morningstar (weapon)
 s - the +1 longbow of the Cup {heavy, Str+5}
   (You found it on level 6 of the Dungeon)

   Str:       It affects your strength (+5).
 t - a +0 dire flail
Missiles
 d - 17 poisoned darts (quivered)
 f - 6 atropa-tipped darts
 p - 5 javelins
 w - 4 datura-tipped darts
Armour
 c - a +0 buckler (worn)
 h - a +0 helmet (worn)
 m - a +0 pair of gloves (worn)
 n - the +5 robe of Suoh (worn) {rElec}
   (You found it on level 3 of the Dungeon)

   rElec:     It insulates you from electricity.
 r - a +0 cloak (worn)
Wands
 a - a wand of roots (12)
 v - a wand of flame (6)
Scrolls
 b - a scroll of amnesia
 e - 6 scrolls of blinking
 g - 3 scrolls of teleportation
 j - a scroll of fear
 k - 3 scrolls of noise
 o - 2 scrolls of fog
 q - a scroll of poison
 u - 2 scrolls of identify
 x - a scroll of enchant armour {unknown}


   Skills:
 + Level 6.7(11.7) Fighting
 + Level 11.1(16.1) Maces & Flails
 - Level 2.4(7.4) Armour
 - Level 2.4(7.4) Shields


You had 8 spell levels left.
You didn't know any spells.
Your spell library contained the following spells:

 Spells                   Type           Power      Damage    Failure   Level
 Shock                    Conj/Air       0%         1d3       47%         1
 Gell's Gravitas          Tloc           0%         N/A       85%         3
 Ozocubu's Armour         Ice            0%         N/A       85%         3
 Swiftness                Air            0%         N/A       85%         3
 Teleport Other           Tloc           0%         N/A       85%         3
 Airstrike                Air            0%         2d(0-16)  99%         4
 Anguish                  Hex/Necr       0%         N/A       99%         4
 Dispersal                Tloc           0%         N/A       100%        6
 Enfeeble                 Hex            0%         N/A       100%        7
 Orb of Destruction       Conj           0%         9d5       100%        7
 Ozocubu's Refrigeration  Ice            0%         4d7       100%        7
 Summon Guardian Golem    Hex/Summ       Unusable   N/A       N/A         3
 Spellforged Servitor     Conj/Summ      Unusable   N/A       N/A         7

Dungeon Overview and Level Annotations

Branches:
Dungeon (8/15)             Temple (1/1) D:4
   Lair: D:8-11

Altars:
Ashenzari
Cheibriados
Dithmenos
Fedhas
Gozag
Hepliaklqana
Kikubaaqudgha
Nemelex Xobeh
Okawaru
Qazlal
Ru
Sif Muna
Trog
Uskayaw
Vehumet
Wu Jian
Xom
Yredelemnul

Shops:
D:6 !

Annotations:
D:6 3 runed translucent doors, rinse's ghost, weakling KoDe
D:7 Amaemon


Innate Abilities, Weirdness & Mutations

You are immune to poison.
Your flesh is cold resistant. (rC+)
You are immune to negative energy. (rN+++)
You are immune to unholy pain and torment.
You are vulnerable to heat. (rF-)
You are in touch with the powers of death.
You do not drink.
You have a special connection with the divine. (Faith)


Message History

Amaemon mumbles some strange words.
You puncture Amaemon!
Amaemon is heavily wounded.
Amaemon hits you with a -1 demon whip of venom.
Amaemon claws you. You block Amaemon's attack.
The scorpion stings you but does no damage.
You sock Amaemon!
Amaemon is severely wounded.
Amaemon hits you but does no damage. Amaemon claws you but does no damage.
Amaemon tail-slaps you but does no damage.
The scorpion closely misses you.
You hit Amaemon.
Amaemon is severely wounded.
Amaemon gestures wildly while chanting.
The scorpion completely misses you.
You closely miss Amaemon.
Amaemon is severely wounded.
The scorpion stings you but does no damage.
Amaemon points at the scorpion and mumbles some strange words.
The scorpion seems to grow toxic.
You hit Amaemon.
Amaemon is severely wounded.
The scorpion stings you but does no damage.
Amaemon hits you with a -1 demon whip of venom!
Amaemon claws you.
* * * LOW HITPOINT WARNING * * *
Amaemon tail-slaps you but does no damage.
You barely miss Amaemon.
Amaemon is severely wounded.
The scorpion barely misses you. Amaemon hits you but does no damage.
Amaemon claws you!
* * * LOW HITPOINT WARNING * * *
Amaemon tail-slaps you but does no damage.
You gain the combat prowess of a mighty hero.
You block the scorpion's attack.
Amaemon shouts, "You think you're better than me?"
Amaemon hits you with a -1 demon whip of venom!
* * * LOW HITPOINT WARNING * * *
Amaemon claws you.
You die...

#.....####.............#
##...## #######..#.##.#
###### #.......# ##
######### #..#.##.# .#
#.......# #.......# .#
#.......# #ss..>..# .#
#.......# #s##.##.# .#
#.......# #6##.##.#
)#####.......# #@##.##.#
))...........# #s##.##.#
)#####.......###.......#
.)..##....###.#####.####
.##.##...## ##.## #.#
.##.##..## ##.###.#
........## #.....#
##..##.[.# ##.#####
#..##.#.## ##.## ####


You could see Amaemon (poisoned) and 4 scorpions.

Vanquished Creatures
  Pikel (D:5)
  Maggie (D:7)
  Prince Ribbit (D:5)
  2 wyverns
  2 water moccasins
  Duvessa (D:7)
  An ice beast (D:7)
  A black bear (D:5)
  2 centaurs (D:7)
  2 lemures (D:4)
  Blork the orc (D:5)
  A kobold brigand (D:7)
  A bullfrog (D:7)
  3 scorpions
  A gnoll sergeant (D:7)
  5 wights
  Dowan (D:6)
  8 killer bees
  A jelly (D:4)
  3 hounds
  6 orc priests
  Jessica (D:2)
  A gnoll bouda (D:4)
  2 iguanas (D:6)
  3 orc wizards
  8 gnolls
  A river rat (D:4)
  7 adders
  2 white imps
  An ufetubus (D:7)
  2 worms
  6 dart slugs
  41 orcs
  4 bats
  5 endoplasms
  4 giant cockroaches
  5 goblins
  6 hobgoblins
  3 jackals (D:1)
  3 quokkas
  7 ball pythons
  8 frilled lizards
  7 kobolds
  11 rats
183 creatures vanquished.

Vanquished Creatures (others)
  7 plants (D:3)
7 creatures vanquished.

Grand Total: 190 creatures vanquished

Notes
Turn   | Place    | Note
-------+----------+-------------------------------------------
     0 | D:1      | ryw the Mummy Fighter began the quest for the Orb.
     0 | D:1      | Reached XP level 1. HP: 18/18 MP: 1/1
   221 | D:1      | Reached skill level 2 in Maces & Flails
   325 | D:1      | Reached XP level 2. HP: 23/24 MP: 2/2
  1033 | D:2      | Gained mutation: You are in touch with the powers of death.
                  | [Mummy growth]
  1033 | D:2      | Reached XP level 3. HP: 28/29 MP: 3/3
  1064 | D:2      | Reached skill level 3 in Maces & Flails
  1151 | D:2      | Noticed Jessica
  1169 | D:2      | Killed Jessica
  1170 | D:2      | Reached XP level 4. HP: 16/35 MP: 4/4
  1261 | D:2      | Found an ancient bone altar of Kikubaaqudgha.
  1538 | D:2      | Found a faded altar of an unknown god.
  1720 | D:2      | Reached skill level 4 in Maces & Flails
  1809 | D:3      | Reached XP level 5. HP: 41/41 MP: 5/5
  2069 | D:3      | Identified the +5 robe of Suoh {rElec}
  2381 | D:3      | Reached skill level 5 in Maces & Flails
  2912 | D:3      | Reached XP level 6. HP: 43/47 MP: 6/6
  3297 | D:4      | Found a staircase to the Ecumenical Temple.
  3306 | Temple   | Entered the Ecumenical Temple
  3464 | Temple   | Became a worshipper of Warmaster Okawaru
  3766 | D:4      | Reached skill level 6 in Maces & Flails
  3851 | D:5      | Entered Level 5 of the Dungeon
  4193 | D:5      | Reached XP level 7. HP: 39/52 MP: 7/7
  4271 | D:5      | Noticed Blork the orc
  4476 | D:5      | Reached * piety under Okawaru
  4492 | D:6      | Noticed a wyvern
  4532 | D:5      | Reached skill level 7 in Maces & Flails
  4548 | D:5      | Killed Blork the orc
  4572 | D:5      | Noticed Pikel
  4800 | D:5      | Noticed Prince Ribbit
  5019 | D:5      | Killed Pikel
  5019 | D:5      | Reached ** piety under Okawaru
  5020 | D:5      | Reached skill level 8 in Maces & Flails
  5020 | D:5      | Reached XP level 8. HP: 16/58 MP: 5/8
  5373 | D:5      | Killed Prince Ribbit
  5374 | D:5      | Reached skill level 9 in Maces & Flails
  6035 | D:6      | Found Cozoac's Distillery.
  6044 | D:6      | Identified the +1 longbow of the Cup {heavy, Str+5}
  6452 | D:6      | Found a broken altar of Ashenzari.
  6503 | D:6      | Found a runed translucent gate.
  6504 | D:6      | Found a runed translucent gate.
  6506 | D:6      | Found a runed translucent gate.
  6582 | D:6      | Noticed rinse's ghost (weakling KoDe)
  6950 | D:6      | Reached skill level 10 in Maces & Flails
  6950 | D:6      | Reached XP level 9. HP: 42/64 MP: 9/9
  7498 | D:7      | Found a snail-covered altar of Cheibriados.
  7690 | D:7      | Noticed Duvessa
  7694 | D:7      | Noticed Dowan
  7704 | D:7      | Killed Duvessa
  7705 | D:7      | Reached skill level 5 in Fighting
  7721 | D:6      | Killed Dowan
  8043 | D:7      | Reached *** piety under Okawaru
  8082 | D:7      | Noticed Maggie
  8091 | D:7      | Killed Maggie
  8557 | D:8      | Noticed Amaemon
  8558 | D:8      | Noticed an orange demon
  8564 | D:8      | Reached skill level 11 in Maces & Flails
  8714 | D:7      | HP: 1/71 [Amaemon/-1 demon whip of venom (11)]
  8714 | D:7      | Slain by Amaemon

Illustrated notes

Levels and vault maps discovered:
D:1:      kennysheep_arrival_seaside, layout_loops_corners
D:2:      layout_rooms, basic_altar, hellmonk_ecumenical_altar_lost_god,
          uniq_jessica
D:3:      layout_loops_ring, kennysheep_doodads, serial_bayou_crossing
D:4:      layout_cave_pools, minmay_temple_entry_statues_pillars,
          portal_sewer_entry_e
D:5:      layout_basic, uniq_blork_the_orc, uniq_pikel, uniq_prince_ribbit1
D:6:      layout_loops_corners, evilmike_ruin_ashenzari, serial_shops, shop,
          gammafunk_ghost_necromancy, dreamdust_wishing_well
D:7:      layout_loops_cross, mainiacjoe_overflow_boulevard, uniq_maggie,
          uniq_duvessa
D:8:      layout_rooms, st_stairs_10, nicolae_fountain_basement, uniq_amaemon
Temple:   nicolae_temple_bog_church

Skill      XL: |  1  2  3  4  5  6  7  8  9 |
---------------+----------------------------+-----
Maces & Flails | 2 3 4 5 6 8 10 11 | 11.1
Fighting       | 6 |  6.7
Armour         | |  2.4
Shields        | |  2.4

Action                     |  1- 3 |  4- 6 |  7- 9 || total
---------------------------+-------+-------+-------++-------
  Melee: Flail             |   102 |    69 |       ||   171
         Morningstar       |       |   198 |   429 ||   627
  Throw: Dart              |       |       |    27 ||    27
         Javelin           |       |       |     5 ||     5
 Invoke: Heroism           |       |       |    11 ||    11
    Use: Scroll            |       |     5 |     3 ||     8
 Armour: Scale mail        |    51 |    39 |       ||    90
         Robe              |       |    83 |   197 ||   280
  Dodge: Dodged            |    64 |   154 |   273 ||   491
  Block: Buckler           |    20 |    63 |   103 ||   186

Table legend: (Time is in decaauts)
 A = Elapsed time spent in this place.
 B = Non-inter-level travel time spent in this place.
 C = Inter-level travel time spent in this place.
 D = Time resting spent in this place.
 E = Time spent auto-exploring this place.
 F = Levels seen in this place.
 G = Mean time per level.
                   A        B        C        D        E       F      G
               +--------+--------+--------+--------+--------+-----+--------+
         Total |   8883 |   8443 |    440 |   1756 |   4714 |   9 |  987.0 |
       Dungeon |   8700 |   8277 |    423 |   1756 |   4570 |   8 | 1087.5 |
        Temple |    182 |    165 |     17 |      0 |    144 |   1 |  182.0 |
               +--------+--------+--------+--------+--------+-----+--------+

Top non-repeatable levels by time:
     D:6: 1799 daAuts
     D:4: 1398 daAuts
     D:5: 1230 daAuts
     D:3: 1185 daAuts
     D:7: 1132 daAuts
     D:1: 1085 daAuts
     D:2: 742 daAuts
  Temple: 182 daAuts
     D:8: 126 daAuts
